 Dungeon Crawl Stone Soup version 0.25.0-46-gbd7b0854d2 (webtiles) character file.

Game seed: 9786180765756093234

295 RaHiT the Ducker (level 6, -14/28 HPs)
             Began as a Felid Artificer on July 14, 2020.
             Killed themself with a badly aimed iceblast (18 damage)
             ... on level 3 of the Dungeon.
             The game lasted 00:18:20 (4895 turns).

RaHiT the Ducker (Felid Artificer)                  Turns: 4895, Time: 00:18:20

Health: -14/28     AC:  2    Str:  8    XL:     6   Next: 11%
Magic:  10/10      EV: 35    Int: 14    God:
Gold:   230        SH:  0    Dex: 17    Spells: 6/6 levels left
                                        Lives:  0   Deaths: 1

rFire    . . .     SeeInvis +     - Unarmed
rCold    . . .     Gourm    .   (shield unavailable)
rNeg     . . .     Faith    .   (armour unavailable)
rPois    .         Spirit   .   (helmet unavailable)
rElec    .         Reflect  .   (cloak unavailable)
rCorr    +         Harm     .   (gloves unavailable)
MR       .....                  (boots unavailable)
Stlth    +++.......             v - amulet of the acrobat
HPRegen  0.09/turn              n - ring of resist corrosion
MPRegen  0.12/turn              (no ring)

@: acrobat, quick
A: very small, no armour, no weapons or thrown items, stealth, claws 1, fangs 3,
see invisible, carnivore, speed 1, shaggy fur 2, slow metabolism 1, sharp paws
a: no special abilities


You were on level 3 of the Dungeon.
You were very full.

You visited 1 branch of the dungeon, and saw 4 of its levels.

You collected 230 gold pieces.

Inventory:

Missiles
 g - 145 stones
Jewellery
 j - an uncursed amulet of guardian spirit
 n - a ring of resist corrosion (left paw)
 p - an uncursed ring of ice
 r - an uncursed ring of fire
 v - an amulet of the acrobat (around neck)
Wands
 a - a wand of flame (15)
 b - a wand of enslavement (15)
 c - a wand of random effects (7)
 m - a wand of digging (1)
Scrolls
 e - a scroll of identify
 h - 2 scrolls of remove curse
 i - 4 scrolls of teleportation
 k - a scroll of enchant weapon {unknown}
 o - a scroll of fog {unknown}
 s - a scroll of noise {unknown}
 u - a scroll of immolation {unknown}
Potions
 f - 2 potions of heal wounds
 q - a potion of brilliance
 t - a potion of haste
Comestibles
 d - 8 rations


   Skills:
 - Level 3.0 Fighting
 + Level 4.8 Dodging
 + Level 4.5 Stealth
 - Level 3.0 Unarmed Combat
 + Level 0.8 Spellcasting
 - Level 4.0 Evocations


You had 6 spell levels left.
You didn't know any spells.
Your spell library was empty.

Dungeon Overview and Level Annotations

Branches:
Dungeon (4/15)
 Temple: D:4-7

Altars:
Dithmenos
Hepliaklqana
Okawaru
Qazlal
Uskayaw
Vehumet
Xom
Zin


Innate Abilities, Weirdness & Mutations

You cannot wear armour.
You are incapable of wielding weapons or throwing items.
Your paws allow you to move quietly. (Stealth)
You have sharp claws.
You have razor-sharp teeth.
You have supernaturally acute eyesight. (SInv)
You are carnivorous and can eat meat at any time.
You cover ground quickly.
You are covered in thick fur. (AC +2)
You have a slow metabolism.
Your sharp claws are effective at attacking unaware monsters.


Message History

The orc wizard hits you with a +0 dagger.
* * * LOW HITPOINT WARNING * * *
The orc wizard hits you with a +0 dagger.
* * * LOW HITPOINT WARNING * * *
Evoke which item? (* to show all) (? for menu, Esc to quit)
Aiming: Random Effects
Press: ? - help, Shift-Dir - straight line, f - orc wizard
Aim: an orc wizard, wielding a +0 dagger and wearing a +0 robe (moderately wounded)
The mass of ice explodes!
The iceblast engulfs the orc wizard!
You kill the orc wizard!
You have reached level 6!
Your experience leads to an increase in your attributes!
Increase (S)trength, (I)ntelligence, or (D)exterity?
You feel clever.
Your fur grows into a thick mane.
The iceblast engulfs the orc!
You kill the orc!
The iceblast engulfs you!!
Ouch! That really hurt!
You die...

#.#### #....## ############
####..## ### #........... ##..#
##.# #..######### ##.# #..#
##......#### #.## #..#
######..... ########..# #..#
#######.....## #......##.# ##..#
#.............
#......##.###))@###.#####.P##PP)
#......##..##>#.....### #.......
#......###.##.#.......###.#.P...
#......##..........##.##..'.....
#.........................'.....
#.(....###.#..##..........#.....
#[......##.#)###..........#.P...
#######..#.).###...##.....#.P###
##.......######...........


There were no monsters in sight!

Vanquished Creatures
  An orc wizard (D:3)
  3 orc priests
  2 worker ants (D:4)
  6 adders
  4 gnolls (D:3)
  2 oozes
  A worm (D:3)
  4 dart slugs
  3 leopard geckos
  7 orcs
  5 bats
  10 giant cockroaches
  5 goblins
  9 hobgoblins
  5 kobolds
  3 quokkas
  A ball python (D:1)
  2 frilled lizards
  4 rats
77 creatures vanquished.

Notes
Turn   | Place    | Note
-------+----------+-------------------------------------------
     0 | D:1      | RaHiT the Felid Artificer began the quest for the Orb.
     0 | D:1      | Reached XP level 1. HP: 9/9 MP: 4/4
   394 | D:1      | Reached XP level 2. HP: 9/12 MP: 3/5
   856 | D:2      | Reached XP level 3. HP: 12/15 MP: 6/6
   959 | D:2      | Found an iron altar of Okawaru.
  2637 | D:3      | Reached XP level 4. HP: 19/19 MP: 7/7
  3081 | D:3      | Slain by a gnoll
  3082 | D:3      | Reached XP level 3. HP: 0/16 MP: 0/6
  3114 | D:3      | Reached XP level 4. HP: 18/19 MP: 6/8
  3664 | D:3      | Reached XP level 5. HP: 20/23 MP: 7/9
  4008 | D:4      | Found a radiant altar of Vehumet.
  4008 | D:4      | Found a shadowy altar of Dithmenos.
  4009 | D:4      | Found a stormy altar of Qazlal.
  4009 | D:4      | Found a hazy altar of Hepliaklqana.
  4010 | D:4      | Found a shimmering altar of Xom.
  4010 | D:4      | Found a glowing silver altar of Zin.
  4011 | D:4      | Found a hide-covered altar of Uskayaw.
  4895 | D:3      | Gained mutation: You are covered in thick fur. (AC +2)
                  | [Felid growth]
  4895 | D:3      | Reached XP level 6. HP: 4/28 MP: 10/10
  4895 | D:3      | Killed themself with a badly aimed iceblast

Illustrated notes

Levels and vault maps discovered:
D:1:      lightli_arrival_maybe_door_vault, layout_rooms, minivault_25
D:2:      layout_rooms, okawaru_gym_becter
D:3:      cheibrodos_old_hovel, layout_rooms
D:4:      layout_loops_cross, grunt_temple_overflow_open,
          overflow_temple_1_default, first_ration, ebering_ghost_rock_garden,
          led_sif_pool

Skill      XL: |  1  2  3  4  5 |
---------------+----------------+-----
Dodging        | 3 4 |  4.8
Stealth        | 2 3 4 |  4.5
Fighting       | 2 3 |  3.0
Unarmed Combat | 2 3 |  3.0
Evocations     | 4 |  4.0
Spellcasting   | |  0.8

Action                   |  1- 3 |  4- 6 || total
-------------------------+-------+-------++-------
Melee: Unarmed           |   146 |   159 ||   305
       Bite              |    12 |     9 ||    21
       Punch             |       |     1 ||     1
Evoke: Wand              |     2 |     6 ||     8
  Use: Scroll            |     2 |     1 ||     3
       Potion            |     1 |     4 ||     5
 Stab: Sleeping          |     4 |     5 ||     9
       Distracted        |       |     2 ||     2
  Eat: Chunk             |    10 |    10 ||    20
Armor: Skin              |    13 |     7 ||    20
Dodge: Dodged            |   137 |   123 ||   260
